 Dungeon Crawl Stone Soup version 0.29.0-7-g18a832c13a (webtiles) character file.

Game seed: 3850536883001831016

132 themarg the Shooter (level 5, -2/43 HPs)
             Began as a Gnoll Wanderer on Aug 31, 2022.
             Was a Priest of Jiyva.
             Slain by a gnoll bouda
             ... wielding a +0 vampiric whip
              (9 damage)
             ... on level 5 of the Dungeon.
             The game lasted 00:09:26 (3186 turns).

themarg the Shooter (Gnoll Wanderer)                Turns: 3186, Time: 00:09:28

Health: -2/43      AC:  3    Str: 13    XL:     5   Next: 15%
Magic:  4/7        EV: 12    Int:  7    God:    Jiyva [***...]
Gold:   132        SH:  0    Dex: 16    Spells: 6/6 levels left

rFire   . . .      SeeInvis .   k - +0 war axe
rCold   . . .      Faith    .   (no shield)
rNeg    . . .      Spirit   .   h - +0 leather armour
rPois   .          Reflect  .   (no helmet)
rElec   .          Harm     .   (no cloak)
rCorr   +          Rampage  .   (no gloves)
Will    .....                   (boots unavailable)
Stlth   ++++......              (no amulet)
HPRegen 1.26/turn               (no ring)
MPRegen 0.45/turn               (no ring)

@: calling ooze
A: fangs 1, strong nose, distributed training, talons 3, translucent skin 1
a: Renounce Religion, Oozemancy


You were on level 5 of the Dungeon.
You worshipped Jiyva.
Jiyva was most pleased with you.
You visited 1 branch of the dungeon, and saw 5 of its levels.

You collected 162 gold pieces.
You spent 30 gold pieces at shops.

Inventory:

Hand Weapons
 a - a +2 dagger
 c - a +0 sling
 k - a +0 war axe (weapon)
Armour
 h - a +0 leather armour (worn)
 i - a +0 pair of boots
Wands
 l - a wand of digging (5)
Scrolls
 b - a scroll of fear
 e - 3 scrolls of butterflies
 f - a scroll of poison {unknown}
 g - a scroll of identify {unknown}
 j - 3 scrolls of teleportation
Potions
 d - 2 potions of magic
 m - a potion of curing {unknown}
 n - a potion of brilliance {unknown}
 o - a potion of heal wounds


   Skills:
 + Level 4.7 Fighting
 + Level 1.4 Short Blades
 + Level 1.4 Long Blades
 + Level 1.4 Axes
 + Level 1.4 Maces & Flails
 + Level 1.4 Polearms
 + Level 1.4 Staves
 + Level 6.7 Ranged Weapons
 + Level 1.4 Throwing
 + Level 4.7 Armour
 + Level 2.9 Dodging
 + Level 4.4 Stealth
 + Level 1.4 Shields
 + Level 1.4 Unarmed Combat
 + Level 1.4 Spellcasting
 + Level 1.1 Conjurations
 + Level 1.1 Hexes
 + Level 1.1 Summonings
 + Level 1.1 Necromancy
 + Level 1.1 Translocations
 + Level 1.1 Transmutations
 + Level 1.1 Fire Magic
 + Level 1.1 Ice Magic
 + Level 1.1 Air Magic
 + Level 1.1 Earth Magic
 + Level 1.1 Poison Magic
 + Level 1.6 Invocations
 + Level 1.4 Evocations


You had 6 spell levels left.
You didn't know any spells.
Your spell library was empty.

Dungeon Overview and Level Annotations

Branches:
Dungeon (5/15)
 Temple: D:4-7

Altars:
Kikubaaqudgha
Nemelex Xobeh
Jiyva

Shops:
D:3 *   D:4 :

Annotations:
D:4 exclusion: ogre


Innate Abilities, Weirdness & Mutations

You have very sharp teeth.
Your uncanny sense of smell can sniff out nearby items.
Your experience applies equally to all skills.
You have claws for feet.
Your translucent skin slightly reduces your foes' accuracy. (Stealth+)


Message History

The iguana is lightly wounded.
The iguana barely misses you.
You hit the iguana.
The iguana is heavily wounded.
The iguana bites you.
You hit the iguana but do no damage. Your kick misses the iguana.
The iguana is heavily wounded.
The gnoll shouts! x2; You hear a shout!
The iguana barely misses you. The iguana bites you!
You hear a distant slurping noise.
You hit the iguana. You claw the iguana!
You kill the iguana!
A gnoll comes into view. It is wielding a +0 halberd of pain.
The gnoll closely misses you.
You have reached level 5!
The gnoll bouda barks out a call to the hunt!
The gnolls pick up the pace!
The gnoll throws a throwing net.
The throwing net hits you.
You become entangled in the net!
You see here a throwing net.
You tear a large gash into the net.
The gnoll completely misses you.
You struggle against the net.
The gnoll barely misses you. x2
You struggle against the net.
The gnoll hits you from afar with a +0 halberd!
You shred the net and break free! The gnoll hits you with a +0 flail!
The gnoll barely misses you.
The gnoll bouda attacks as you move away!
The gnoll bouda hits you with a +0 vampiric whip.
The gnoll attacks as you move away! The gnoll barely misses you.
The gnoll hits you from afar with a +0 halberd of pain!
* * * LOW HITPOINT WARNING * * *
You writhe in agony.
* * * LOW HITPOINT WARNING * * *
Activating: Oozemancy (16% risk of failure)
Press: ? - help, Dir - look around, f - activate Slime begins to ooze from the nearby walls!
The wall burns the gnoll!
The gnoll closely misses you.
The wall burns the gnoll bouda!
The gnoll bouda hits you with a +0 vampiric whip!
You die...

∆ ##.W ..... .>...
.... #........
#.#.....# #
#.#..##.#.#
######.#.....#.#
#....#.#....g..#####
#.##.#.#..ggg†.$....
#.#..#.#..@#########
#.#<.#.........#
#.#..###...###.#
#.#..# #.......#
#.#...∆#..######
#.######..#
#.........#
#########.# ..#


You could see a gnoll bouda and 3 gnolls.

Vanquished Creatures
  An iguana (D:5)
  3 adders
  3 worms
  A dart slug (D:1)
  3 orcs (D:3)
  6 ball pythons
  5 bats
  5 endoplasms
  3 giant cockroaches
  2 goblins
  9 hobgoblins
  3 jackals (D:1)
  3 quokkas
  2 frilled lizards (D:3)
  4 kobolds
  8 rats
61 creatures vanquished.

Vanquished Creatures (others)
  A black bear (D:4)
  A scorpion (D:4)
  4 jellies
  4 gnolls (D:4)
  4 adders (D:4)
  3 orcs
  A bat (D:3)
  An endoplasm (D:3)
  A giant cockroach (D:4)
  3 goblins
  A hobgoblin (D:3)
  2 jackals (D:3)
  A quokka (D:3)
  2 ball pythons (D:3)
  A frilled lizard (D:3)
  A kobold (D:4)
  A rat (D:3)
  52 plants (D:4)
  8 withered plants (D:4)
92 creatures vanquished.

Grand Total: 153 creatures vanquished

Notes
Turn   | Place    | Note
-------+----------+-------------------------------------------
     0 | D:1      | themarg the Gnoll Wanderer began the quest for the Orb.
     0 | D:1      | themarg set off with the following items: a +2 dagger, a
                  | scroll of fear, a +0 sling, a +0 scale mail, a scroll of
                  | butterflies.
     0 | D:1      | Reached XP level 1. HP: 20/20 MP: 1/1
   118 | D:1      | Reached XP level 2. HP: 23/26 MP: 2/2
   650 | D:1      | Reached XP level 3. HP: 25/31 MP: 3/3
  1149 | D:1      | Reached skill level 1 in Invocations
  1381 | D:2      | Reached skill level 1 in Short Blades
  1381 | D:2      | Reached skill level 1 in Long Blades
  1381 | D:2      | Reached skill level 1 in Axes
  1381 | D:2      | Reached skill level 1 in Maces & Flails
  1381 | D:2      | Reached skill level 1 in Polearms
  1381 | D:2      | Reached skill level 1 in Staves
  1381 | D:2      | Reached skill level 1 in Throwing
  1381 | D:2      | Reached skill level 1 in Shields
  1381 | D:2      | Reached skill level 1 in Unarmed Combat
  1381 | D:2      | Reached skill level 1 in Spellcasting
  1381 | D:2      | Reached skill level 1 in Evocations
  1502 | D:2      | Found a faded altar of an unknown god.
  1509 | D:2      | Prayed at the altar of an unknown god.
  1509 | D:2      | Became a worshipper of Jiyva Jilyfigh the Shapeless
  1509 | D:2      | Reached * piety under Jiyva
  1535 | D:2      | Reached XP level 4. HP: 9/38 MP: 5/5
  1865 | D:3      | Reached ** piety under Jiyva
  1889 | D:3      | Found Lewkalal's General Store.
  1894 | D:3      | Bought a scroll of teleportation for 30 gold pieces
  1926 | D:3      | Reached skill level 1 in Conjurations
  1926 | D:3      | Reached skill level 1 in Hexes
  1926 | D:3      | Reached skill level 1 in Summonings
  1926 | D:3      | Reached skill level 1 in Necromancy
  1926 | D:3      | Reached skill level 1 in Translocations
  1926 | D:3      | Reached skill level 1 in Transmutations
  1926 | D:3      | Reached skill level 1 in Fire Magic
  1926 | D:3      | Reached skill level 1 in Ice Magic
  1926 | D:3      | Reached skill level 1 in Air Magic
  1926 | D:3      | Reached skill level 1 in Earth Magic
  1926 | D:3      | Reached skill level 1 in Poison Magic
  2137 | D:3      | Found a sparkling altar of Nemelex Xobeh.
  2313 | D:4      | Reached *** piety under Jiyva
  2354 | D:4      | Gained mutation: You have sharp toenails. [Jiyva's grace]
  2354 | D:4      | Gained mutation: You have razor-sharp toenails. [Jiyva's
                  | grace]
  2354 | D:4      | Gained mutation: You have claws for feet. [Jiyva's grace]
  2354 | D:4      | Gained mutation: Your translucent skin slightly reduces
                  | your foes' accuracy. (Stealth+) [Jiyva's grace]
  2462 | D:4      | Killed a scorpion
  2539 | D:4      | Killed a black bear
  2777 | D:4      | Found Fesix's Book Emporium.
  2813 | D:4      | Found an ancient bone altar of Kikubaaqudgha.
  3039 | D:4      | Noticed an ogre
  3148 | D:5      | Entered Level 5 of the Dungeon
  3174 | D:5      | Noticed a phantom
  3180 | D:5      | Reached XP level 5. HP: 37/43 MP: 5/7
  3186 | D:5      | Slain by a gnoll bouda

Illustrated notes

Levels and vault maps discovered:
D:1:      dpeg_arrival_rooms_with_view, layout_basic,
          hangedman_abyss_or_decor_stabs
D:2:      layout_basic, shapermc_ecumenical_altar_starsandcircs, minmay_bisected
D:3:      layout_basic, nemelex_dance_club_becter, serial_shops,
          nicolae_shop_trees
D:4:      layout_loops_corners, marbit_many_paths, kiku_gazebo_garden_becter,
          serial_shops, kennysheep_little_box, serial_bayou,
          serial_bayou_shore_b, serial_bayou_ford_a, serial_bayou_shore_b,
          serial_bayou_lake_a
D:5:      layout_basic, elyvilon_altar_5, mainiacjoe_overflow_alcove_1,
          mainiacjoe_overflow_paths, enter_ossuary_2

Skill      XL: |  1  2  3  4 |
---------------+-------------+-----
Invocations    | 1 |  1.6
Short Blades   | 1 |  1.4
Long Blades    | 1 |  1.4
Axes           | 1 |  1.4
Maces & Flails | 1 |  1.4
Polearms       | 1 |  1.4
Staves         | 1 |  1.4
Throwing       | 1 |  1.4
Shields        | 1 |  1.4
Unarmed Combat | 1 |  1.4
Spellcasting   | 1 |  1.4
Evocations     | 1 |  1.4
Conjurations   | 1 |  1.1
Hexes          | 1 |  1.1
Summonings     | 1 |  1.1
Necromancy     | 1 |  1.1
Translocations | 1 |  1.1
Transmutations | 1 |  1.1
Fire Magic     | 1 |  1.1
Ice Magic      | 1 |  1.1
Air Magic      | 1 |  1.1
Earth Magic    | 1 |  1.1
Poison Magic   | 1 |  1.1
Fighting       | |  4.7
Ranged Weapons | |  6.7
Armour         | |  4.7
Dodging        | |  2.9
Stealth        | |  4.4

Action                   |  1- 3 |  4- 6 || total
-------------------------+-------+-------++-------
Melee: Dagger            |   114 |    27 ||   141
       Bite              |    13 |    14 ||    27
       Punch             |     3 |     1 ||     4
       War axe           |       |    69 ||    69
       Kick              |       |     3 ||     3
Invok: Oozemancy         |       |     1 ||     1
  Use: Potion            |       |     3 ||     3
 Stab: Sleeping          |     7 |     7 ||    14
       Distracted        |       |     1 ||     1
Armor: Scale mail        |    15 |       ||    15
       Ring mail         |    15 |       ||    15
       Leather armour    |    14 |    26 ||    40
Dodge: Dodged            |    51 |    61 ||   112
